Map: Ley Lines

Players

Remarcable (uThermal) - Winner!

  • Race: Terran Terran
  • League: Grandmaster
  • Spawn Location: 1:00

Geralt (Gerald)

  • Race: Protoss Protoss
  • League: Grandmaster
  • Spawn Location: 7:00

Event: HomeStory Cup XXVII

VOD

Have the link to the VOD?

Description

Time

  • Played on: June 28, 2025, 6:38 a.m.
  • Length: 10:59

All games in this series

Show
View Real Time Build Order
Export as new Build Order

Remarcable Terran - Winner!

Build Orders:  

Get SALT Encoding   

  12  0:00  SCV  
  13  0:12  SCV  
  14  0:16  Supply Depot  
  14  0:24  SCV  
  15  0:38  SCV  
  15  0:40  Barracks  
  16  0:42  Refinery  
  16  0:50  SCV  
  17  1:02  SCV  
  18  1:14  SCV  
  19  1:27  Orbital Command, Marine  
  20  1:39  Command Center  
  20  1:45  Barracks Reactor  
  20  1:55  Supply Depot, SCV  
  21  2:07  SCV  
  22  2:09  Factory  
  22  2:19  SCV  
  22  2:22  Marine  
  23  2:23  Bunker, Marine, Refinery  
  25  2:31  SCV  
  26  2:40  Marine  
  26  2:41  Marine  
  26  2:43  SCV  
  29  2:53  Orbital Command  
  29  2:56  Starport, Widow Mine  
  31  2:59  SCV  
  31  3:01  Marine  
  31  3:04  Marine  
  34  3:11  SCV  
  35  3:18  SCV, Widow Mine  
  38  3:23  Supply Depot, Marine  
  38  3:24  SCV  
  38  3:25  Marine  
  41  3:31  SCV  
  42  3:35  Medivac  
  42  3:38  SCV  
  42  3:41  Marine  
  43  3:45  Widow Mine  
  43  3:47  Marine  
  47  3:48  SCV  
  47  3:50  Supply Depot  
  47  3:53  SCV  
  49  3:59  Marine  
  49  4:00  SCV  
  51  4:05  Marine, SCV  
  51  4:06  Supply Depot  
  53  4:12  Liberator, Factory Tech Lab  
  53  4:16  SCV  
  57  4:17  Marine  
  57  4:18  SCV  
  57  4:19  Supply Depot  
  57  4:23  Marine  
  60  4:28  SCV  
  60  4:30  Supply Depot, SCV  
  60  4:31  Siege Tank  
  65  4:37  Supply Depot  
  65  4:38  Marine  
  65  4:40  SCV  
  65  4:41  Marine  
  65  4:43  SCV  
  69  4:52  SCV  
  69  4:55  SCV  
  69  4:56  Marine  
  69  4:59  Marine  
  71  5:04  Command Center, Siege Tank  
  72  5:07  SCV  
  72  5:09  SCV  
  72  5:14  Marine  
  74  5:15  Supply Depot  
  74  5:20  Starport Tech Lab  
  75  5:21  SCV  
  75  5:22  SCV  
  75  5:23  Marine  
  78  5:28  Barracks x2  
  78  5:36  Siege Tank  
  78  5:37  SCV  
  78  5:40  Raven  
  84  5:44  Marine x2  
  84  5:45  SCV  
  87  5:51  SCV  
  88  5:57  SCV  
  88  6:00  Engineering Bay  
  88  6:01  Engineering Bay  
  88  6:02  Marine  
  88  6:03  SCV  
  89  6:08  Siege Tank  
  89  6:09  SCV  
  91  6:15  SCV  
  91  6:16  Marine  
  93  6:19  Orbital Command  
  93  6:21  SCV  
  93  6:27  SCV  
  93  6:30  Stimpack  
  89  6:33  SCV  
  89  6:35  Marine  
  89  6:39  SCV  
  89  6:40  Marine  
  89  6:43  Orbital Command, Starport Reactor  
  89  6:45  Refinery x2  
  89  6:46  SCV  
  91  6:49  Factory Reactor  
  91  6:50  Combat Shield  
  91  6:51  Marine  
  91  6:52  Marauder, SCV  
  91  6:53  Marine  
  96  6:58  Marine, SCV  
  96  7:01  Missile Turret  
  95  7:04  SCV  
  96  7:08  Bunker  
  96  7:09  Marine  
  96  7:10  Marine, SCV  
  96  7:11  Bunker  
  96  7:13  Marauder  
  101  7:16  Marine  
  101  7:20  Missile Turret  
  101  7:21  SCV  
  101  7:22  Missile Turret  
  103  7:24  Medivac x2  
  103  7:27  SCV  
  103  7:29  SCV  
  109  7:30  Supply Depot  
  109  7:31  Supply Depot  
  109  7:36  Marine x2  
  109  7:37  Marauder, SCV, Widow Mine  
  115  7:41  SCV  
  115  7:42  Supply Depot  
  117  7:47  Supply Depot  
  117  7:52  Marine  
  117  7:54  Barracks, Marine, Medivac x2  
  117  7:55  Barracks  
  117  7:56  Refinery x2, Marine  
  117  7:58  Marauder  
  127  8:05  SCV  
  127  8:08  SCV  
  127  8:09  Marine  
  129  8:14  Terran Infantry Armor Level 1, Terran Infantry Weapons Level 1  
  129  8:15  Barracks x2  
  129  8:16  Barracks  
  129  8:17  Marine  
  129  8:18  Marauder  
  132  8:20  Widow Mine  
  132  8:22  Supply Depot  
  132  8:23  SCV  
  132  8:24  Marine, Medivac  
  132  8:25  Bunker, SCV  
  132  8:27  Medivac  
  140  8:29  SCV  
  140  8:30  Marine  
  142  8:34  Supply Depot  
  142  8:35  SCV  
  142  8:36  Marine  
  142  8:37  Supply Depot  
  142  8:39  Marauder  
  142  8:41  Widow Mine  
  148  8:44  Marauder, Widow Mine  
  152  8:53  Marine x2  
  152  8:54  Medivac  
  152  8:55  SCV  
  157  8:57  Medivac  
  157  8:58  SCV  
  157  8:59  Marine  
  157  9:01  Marauder  
  163  9:06  Marauder  
  164  9:10  Barracks Tech Lab x3  
  164  9:11  Barracks Tech Lab, Concussive Shells  
  164  9:13  SCV x2  
  160  9:18  Marine  
  160  9:21  Marine  
  160  9:22  Marauder  
  160  9:23  SCV, Widow Mine  
  160  9:24  Supply Depot, Widow Mine, Medivac  
  169  9:27  Marauder, Medivac  
  164  9:32  Marine  
  164  9:33  Marauder  
  167  9:41  Marauder, Marine  
  167  9:44  Marauder  
  172  9:49  Supply Depot, Marine  
  172  9:50  Marauder, Supply Depot  
  172  9:51  Supply Depot  
  165  9:54  Medivac  
  165  9:56  Medivac  
  165  9:57  SCV  
  163  10:01  Marauder, Marine  
  163  10:03  Marine  
  163  10:04  Marauder  
  167  10:08  Marauder, Marine x2, Widow Mine x2  
  167  10:09  Marauder  
  177  10:18  Marine  
  177  10:20  SCV  
  166  10:21  Command Center  
  166  10:23  Marauder, Medivac  
  166  10:27  Medivac  
  168  10:35  Marauder, Marine  
  171  10:39  Marine  
Show
View Real Time Build Order
Export as new Build Order

Geralt Protoss 

Build Orders: 1 Gate Expand, Blink Stalkers 

Get SALT Encoding   

  12  0:00  Probe  
  13  0:12  Probe  
  14  0:17  Pylon  
  14  0:22  Probe  
  15  0:31  Probe  
  16  0:37  Gateway  
  16  0:39  Probe  
  16  0:45  Assimilator  
  17  0:52  Probe  
  18  1:04  Probe  
  19  1:16  Probe  
  20  1:23  Cybernetics Core  
  20  1:28  Probe  
  21  1:33  Nexus  
  21  1:42  Probe  
  21  1:43  Pylon  
  22  1:49  Assimilator  
  22  1:50  Stalker  
  22  1:54  Probe  
  23  2:04  Warp Gate  
  23  2:06  Probe  
  26  2:18  Probe, Adept  
  29  2:29  Shield Battery  
  29  2:30  Probe  
  30  2:42  Probe  
  31  2:44  Twilight Council  
  31  2:48  Probe  
  32  2:54  Probe  
  32  2:55  Sentry  
  32  2:56  Probe  
  35  3:02  Blink  
  35  3:04  Probe  
  36  3:06  Probe  
  38  3:16  Probe  
  38  3:18  Gateway, Probe  
  40  3:28  Probe  
  40  3:30  Probe  
  42  3:39  Pylon  
  42  3:40  Probe  
  42  3:41  Assimilator  
  43  3:43  Probe  
  42  3:52  Gateway, Probe  
  42  3:55  Probe  
  44  3:56  Stalker  
  46  4:03  Nexus  
  46  4:08  Probe  
  46  4:09  Pylon  
  47  4:12  Probe  
  47  4:14  Stalker  
  50  4:20  Probe, Stalker  
  53  4:24  Probe  
  53  4:29  Shield Battery  
  54  4:32  Probe  
  54  4:34  Forge  
  54  4:36  Probe  
  56  4:39  Stalker  
  56  4:44  Probe  
  59  4:48  Probe  
  58  4:53  Stalker  
  58  4:56  Probe  
  61  5:00  Probe  
  61  5:07  Probe  
  62  5:15  Probe x2  
  62  5:16  Probe  
  62  5:17  Charge  
  62  5:18  Protoss Ground Armor Level 1, Templar Archives  
  65  5:22  Shield Battery  
  65  5:27  Probe  
  66  5:30  Stalker x2  
  66  5:32  Probe  
  66  5:33  Stalker  
  73  5:37  Probe  
  73  5:38  Pylon  
  73  5:42  Probe  
  75  5:57  Probe  
  73  5:58  Stalker x3  
  73  6:03  Psionic Storm  
  78  6:07  Probe  
  78  6:08  Probe  
  81  6:22  Zealot x3  
  83  6:31  Probe  
  83  6:32  Probe  
  65  6:43  Probe  
  65  6:44  Probe  
  67  6:49  Pylon  
  67  6:50  Pylon  
  62  7:02  Gateway, Robotics Facility  
  62  7:05  Gateway x2  
  62  7:07  Gateway, Probe  
  62  7:08  Nexus  
  63  7:11  Pylon  
  63  7:13  Probe  
  63  7:15  Probe  
  64  7:18  Assimilator  
  65  7:23  Probe  
  65  7:25  Probe, High Templar x3  
  71  7:33  Probe  
  71  7:35  Protoss Ground Weapons Level 1  
  72  7:37  Probe  
  72  7:38  Gateway  
  72  7:43  Warp Prism  
  73  7:45  Probe, Photon Cannon  
  74  7:52  Probe  
  74  7:57  High Templar  
  79  8:10  Pylon  
  79  8:16  High Templar  
  79  8:17  Nexus  
  79  8:18  Pylon  
  81  8:20  Stalker  
  81  8:21  Stalker  
  85  8:27  Zealot x2  
  85  8:28  Zealot  
  85  8:33  Probe  
  92  8:35  Probe  
  92  8:36  Probe  
  94  8:45  Probe  
  94  8:47  Probe  
  96  8:49  Zealot x3  
  96  8:50  Zealot x3  
  106  8:59  Probe  
  103  9:09  Stalker x3, Zealot  
  104  9:10  Zealot x2  
  104  9:14  Probe  
  104  9:15  Probe  
  100  9:20  Probe  
  101  9:30  Probe  
  100  9:38  Probe  
  100  9:43  Nexus  
  97  9:54  Zealot x3  
  97  9:57  Pylon  
  94  10:08  Zealot x2  
  94  10:09  Zealot x2  
  99  10:17  Probe  
  99  10:18  Probe  
  99  10:19  Stalker x4  
  99  10:20  Probe  
  100  10:23  Archon  
  98  10:35  Zealot x4  
  98  10:39  Probe  
  98  10:42  Probe  
  86  10:43  Probe  
  64  10:50  Stalker x4  
Tags
 
Add a new tag
Caveats
  • Supply blocks, unpowered buildings, or Contaminate may cause inaccurate times.
  • Supply counts are checked every 10 seconds.